 Dungeon Crawl Stone Soup version 0.17.1-3-g152610e (webtiles) character file.

372 Locuples the Covert (level 6, -6/30 HPs)
             Began as a Spriggan Assassin on Apr 19, 2016.
             Killed by divine providence
             ... invoked by an orc priest
              (11 damage)
             ... on level 5 of the Dungeon.
             The game lasted 00:13:17 (3259 turns).

Locuples the Covert (Spriggan Assassin)             Turns: 3259, Time: 00:13:17

Health: -6/30      AC:  3    Str:  7    XL:     6   Next: 43%
Magic:  7/7        EV: 17    Int: 12    God:
Gold:   222        SH:  0    Dex: 24    Spells: 0 memorised, 5 levels left

rFire  . . .     SeeInvis +     s - +2 dagger (freeze)
rCold  . . .     Clarity  .     c - +0 robe
rNeg   . . .     SustAt   .     (shield restricted)
rPois  .         Gourm    .     (helmet restricted)
rElec  .         Spirit   .     d - +0 cloak
rCorr  .         Warding  .     (gloves unavailable)
rMut   .         Stasis   .     (boots unavailable)
MR     +....                    i - amulet of regeneration
Stlth  ++++++....               (no ring)
                                l - +4 ring of dexterity

@: lethally poisoned (-6 -> -9), very quick, somewhat resistant to hostile
enchantments, very stealthy
A: unfitting armour, see invisible, herbivore 3, speed 3, slow metabolism 2
a: no special abilities


You were on level 5 of the Dungeon.
You were not hungry.

You visited 1 branch of the dungeon, and saw 5 of its levels.
You also visited: Sewer.

You collected 222 gold pieces.

Inventory:

Hand Weapons
 b - a +0 blowgun
 s - a +2 dagger of freezing (weapon)
Missiles
 e - 7 poisoned needles
 f - 2 curare-tipped needles
Armour
 c - a +0 robe (worn)
 d - a +0 cloak (worn)
Jewellery
 i - an amulet of regeneration (around neck)
 l - a +4 ring of dexterity (left hand)
Wands
 o - a wand of confusion (27)
Scrolls
 a - 4 scrolls of identify {unknown}
 j - 2 scrolls of teleportation {unknown}
 m - 3 scrolls of fear {unknown}
 n - 3 scrolls of remove curse {unknown}
 q - a scroll of immolation {unknown}
 v - a scroll of blinking {unknown}
 x - 2 scrolls of magic mapping {unknown}
 y - 3 scrolls of fog {unknown}
Potions
 h - a potion of lignification {unknown}
 k - a potion of brilliance {unknown}
 p - a potion of poison
 r - 3 potions of might
 u - a potion of mutation {unknown}
 w - 2 potions of curing {unknown}
 z - a potion of agility {unknown}
 A - a potion of flight {unknown}
 B - a potion of invisibility {unknown}
Comestibles
 g - 4 bread rations
 t - a fruit


   Skills:
 - Level 1.5 Fighting
 - Level 2.1 Short Blades
 - Level 2.0 Throwing
 - Level 1.5 Dodging
 * Level 11.6 Stealth


You had 5 spell levels left.
You didn't know any spells.

Dungeon Overview and Level Annotations

Branches:
Dungeon (5/15)
 Temple: D:4-7

Altars:
Qazlal


Innate Abilities, Weirdness & Mutations

You are tiny and cannot use many weapons and most armour.
You have supernaturally acute eyesight.
You are a herbivore.
You cover ground extremely quickly.
You need consume almost no food.


Message History

Something smites you!
An adder skeleton comes into view.
There is a stone staircase leading down here.
You can't go up here!
The orc priest closely misses you. The orc misses you.
The orc priest hits you but does no damage.
You climb downwards. 2 jellies and a skeleton come into view.
There is a stone staircase leading up here.
The jelly quivers.
The orc priest invokes the aid of Beogh against you.
Something smites you!
* * * LOW HITPOINT WARNING * * *
Drink which item? (? for menu, Esc to quit)
It was a potion of poison.
That liquid tasted very nasty...
You are poisoned.
You feel sick.
The orc priest calls down the wrath of Beogh upon you.
Something smites you!
You die...

#. #.# .. ##.#
... ##.######.#
#..J..@...#
###.#o#####.#
#....<......#
.........####.#
...........
........J###
......Z...
..#######.# ..
.#


You could see a jelly and an orc priest.

Vanquished Creatures
  An ogre (D:4)
  A centaur zombie (D:4)
  2 hounds (D:4)
  8 adders
  3 gnolls (D:4)
  A river rat (D:3)
  An ooze (D:1)
  2 adder skeletons (D:4)
  A worm (D:3)
  3 giant geckos
  4 orcs (D:4)
  4 giant cockroaches
  7 hobgoblins
  2 jackals (Sewer)
  9 bats
  A giant gecko skeleton (D:4)
  4 giant newts
  5 goblins
  9 kobolds
  A quokka (D:4)
  12 rats
81 creatures vanquished.

Notes
Turn   | Place    | Note
--------------------------------------------------------------
     0 | D:1      | Locuples the Spriggan Assassin began the quest for the Orb.
     0 | D:1      | Reached XP level 1. HP: 10/10 MP: 2/2
    42 | D:1      | Reached skill level 6 in Stealth
   273 | D:1      | Reached XP level 2. HP: 14/14 MP: 3/3
   543 | D:1      | Reached skill level 7 in Stealth
  1145 | D:2      | Reached XP level 3. HP: 18/18 MP: 4/4
  1604 | D:2      | Reached skill level 8 in Stealth
  1733 | D:3      | Found a stormy altar of Qazlal.
  1842 | D:3      | Reached XP level 4. HP: 22/22 MP: 5/5
  2017 | D:3      | Reached skill level 9 in Stealth
  2416 | D:3      | Reached XP level 5. HP: 22/25 MP: 6/6
  2428 | D:3      | Found a glowing drain.
  2432 | Sewer    | Entered a sewer
  2599 | Sewer    | Noticed colpogo's ghost (amateur TeWz)
  2848 | D:4      | Reached skill level 10 in Stealth
  2973 | D:4      | Noticed an ogre
  3012 | D:4      | Killed an ogre
  3012 | D:4      | Reached skill level 11 in Stealth
  3012 | D:4      | Reached XP level 6. HP: 30/30 MP: 7/7
  3254 | D:5      | Entered Level 5 of the Dungeon
  3259 | D:5      | Killed from afar by an orc priest

Action                   |  1- 3 |  4- 6 || total
-------------------------+-------+-------++-------
Melee: Dagger            |    77 |   106 ||   183
 Fire: Blowgun           |       |     1 ||     1
  Use: Potion            |       |     2 ||     2
 Stab: Sleeping          |    24 |    22 ||    46
       Distracted        |       |     2 ||     2
